 Dungeon Crawl Stone Soup version 0.31-a0-1570-g93c622d222 (webtiles) character file.

Game seed: 14536981086539785397

543 jasper the Trooper (level 7, 0/55 HPs)
             Began as a Demonspawn Cinder Acolyte on Jan 3, 2024.
             Was a High Priest of Ignis.
             Succumbed to a scorpion's poison
             ... on level 5 of the Dungeon.
             The game lasted 00:08:01 (4676 turns).

jasper the Trooper (Demonspawn Cinder Acolyte)      Turns: 4676, Time: 00:08:02

Health: 0/55       AC: 10    Str: 14 (15) XL:     7   Next: 6%
Magic:  11/11      EV: 11    Int: 13 (16) God:    Ignis [*****.]
Gold:   195        SH:  0    Dex:  7 (8)  Spells: 8/12 levels left

rFire   + . .        a - +0 spear (flame)
rCold   . . .        (no shield)
rNeg    . . .        b - +0 robe
rPois   .            (helmet restricted)
rElec   .            f - +0 cloak
rCorr   .            (no gloves)
SInv    .            (no boots)
Will    +....        r - amulet of magic regeneration
Stlth   +            (no ring)
HPRegen 0.29/turn    (no ring)
MPRegen 0.52/turn

%: no passive effects
@: brilliant, lethally poisoned (0 -> -10), fiery-armoured, enlightened, flying
A: claws 1, horns 1, demonic guardian 1
a: Renounce Religion, Fiery Armour, Foxfire Swarm, Rising Flame


You were on level 5 of the Dungeon.
You worshipped Ignis.
Ignis was extremely pleased with you.
You visited 1 branch of the dungeon, and saw 5 of its levels.

You collected 195 gold pieces.

Inventory:

Hand Weapons
 a - a +0 spear of flaming (weapon)
 h - a +0 dagger of electrocution
Missiles
 k - 9 poisoned darts
Armour
 b - a +0 robe (worn)
 c - a +0 ring mail
 f - a +0 cloak (worn)
Jewellery
 o - an amulet of reflection
 r - an amulet of magic regeneration (around neck)
Talismans
 g - a talisman of death
Wands
 n - a wand of flame (4)
Scrolls
 m - a scroll of poison
 p - 2 scrolls of teleportation
 s - a scroll of blinking {unknown}
 t - a scroll of identify {unknown}
Potions
 d - a potion of degeneration
 e - a potion of enlightenment
 i - 2 potions of lignification {unknown}
 j - 2 potions of brilliance
 l - a potion of attraction {unknown}
 q - a potion of resistance {unknown}
 u - a potion of curing {unknown}


   Skills:
 + Level 4.6 Fighting
 - Level 2.6 Polearms
 + Level 1.9 Dodging
 * Level 2.9 Unarmed Combat
 - Level 3.0 Spellcasting
 - Level 3.0 Fire Magic
 - Level 2.8 Earth Magic


You had 8 spell levels left.
You knew the following spells:

 Your Spells              Type           Power      Damage    Failure   Level
b - Sandblast             Erth           28%        2d8       7%          1
c - Stone Arrow           Conj/Erth      16%        3d8       36%         3

Your spell library contained the following spells:

 Spells                   Type           Power      Damage    Failure   Level
 Scorch                   Fire           28%        2d6       10%         2
 Passwall                 Erth           14%        N/A       22%         3
 Lesser Beckoning         Tloc           4%         N/A       34%         2
 Gell's Gravitas          Tloc           2%         N/A       56%         3
 Teleport Other           Tloc           2%         N/A       56%         3
 Brom's Barrelling Bould  Conj/Erth      8%         2d3       77%         4
 Flame Wave               Conj/Fire      8%         2d5       77%         4
 Summon Cactus Giant      Summ           1%         N/A       100%        6


Dungeon Overview and Level Annotations

Branches:
Dungeon (5/15)             Temple (0/1) D:4

Altars:


Innate Abilities, Weirdness & Mutations

You have sharp fingernails.
You have a pair of small horns on your head.
A weak demonic guardian rushes to your aid.


Message History

Aiming: Sandblast (safe; 6% risk of failure)
Press: ? - help, Q - select action, (/) - cycle Shift-Dir - straight line, f/p - scorpion
Aim: a scorpion (lightly wounded, 82% to hit)
The blast of sand hits the scorpion but does no damage.
The scorpion is lightly wounded.
You feel very sick. The scorpion barely misses you. The scorpion stings you.
* * * LOW HITPOINT WARNING * * *
You are lethally poisoned!
The scorpion poisons you!
You take 10 damage, and have 13/55 hp.
A protective cloak of flame settles atop you.
* * * LOW HITPOINT WARNING * * *
You feel very sick.
The scorpion stings you but does no damage.
The scorpion is burned by your cloak of flames.
The scorpion is moderately wounded.
You take 3 damage, and have 10/55 hp.
It was a potion of brilliance.
You feel clever all of a sudden.
* * * LOW HITPOINT WARNING * * *
You feel very sick. The scorpion barely misses you.
You take 4 damage, and have 6/55 hp.
It was a potion of degeneration.
There was something very wrong with that liquid.
You feel weakened.
You feel dopey.
You feel clumsy.
* * * LOW HITPOINT WARNING * * *
You feel very sick. The scorpion misses you. The scorpion stings you.
* * * LOW HITPOINT WARNING * * *
A demonic guardian appears!
The scorpion is burned by your cloak of flames.
The scorpion is heavily wounded.
You take 4 damage, and have 2/55 hp.
MP restored: 11 It was a potion of enlightenment.
You feel very buoyant.
You fly up into the air.
You die...

... ........ ....
....... ....###.#(..
.......... #.......#
##.......####
##....s......#
.......@....<##########
.....5.......#........#
.......#....##......).#
.......#....##........#
.......#....##........#
.......#....##........#
.......#....##........#
########....##.......<#
####....##........#


You could see a scorpion (ally target) and a friendly shadow imp (summoned).

Vanquished Creatures
  A black bear (D:3)
  2 phantoms
  A sleepcap (D:4)
  An orc wizard (D:3)
  7 adders
  3 ribbon worms
  2 dart slugs (D:2)
  5 orcs
  5 endoplasms
  3 giant cockroaches
  11 goblins
  5 hobgoblins
  6 quokkas
  9 ball pythons
  12 bats
  3 frilled lizards
  9 kobolds
  4 rats (D:2)
89 creatures vanquished.

Vanquished Creatures (collateral kills)
  A black bear (D:4)
  2 kobolds
3 creatures vanquished.

Grand Total: 92 creatures vanquished

Notes
Turn   | Place    | Note
-------+----------+-------------------------------------------
     0 | D:1      | jasper the Demonspawn Cinder Acolyte began the quest for
                  | the Orb.
     0 | D:1      | Reached XP level 1. HP: 18/18 MP: 2/2
   202 | D:1      | Gained mutation: A weak demonic guardian rushes to your
                  | aid. [demonic ancestry]
   202 | D:1      | Reached XP level 2. HP: 24/24 MP: 3/3
   228 | D:1      | Learned a level 2 spell: Scorch
   717 | D:1      | Reached XP level 3. HP: 30/30 MP: 1/4
   719 | D:1      | Learned a level 1 spell: Sandblast
   823 | D:1      | Reached skill level 4 in Fighting
  1471 | D:2      | Reached skill level 1 in Earth Magic
  1814 | D:2      | Reached XP level 4. HP: 37/37 MP: 0/6
  1818 | D:2      | Learned a level 3 spell: Stone Arrow
  2805 | D:3      | Noticed a black bear
  2810 | D:3      | Killed a black bear
  2811 | D:3      | Discovered your monstrous ancestry.
  2811 | D:3      | Gained mutation: You have sharp fingernails. [demonic
                  | ancestry]
  2811 | D:3      | Reached XP level 5. HP: 31/42 MP: 1/9
  3458 | D:3      | Noticed a phantom
  3465 | D:3      | Killed a phantom
  3466 | D:3      | Reached skill level 1 in Unarmed Combat
  3466 | D:3      | Gained mutation: You have a pair of small horns on your
                  | head. [demonic ancestry]
  3466 | D:3      | Reached XP level 6. HP: 44/48 MP: 4/10
  3614 | D:3      | Reached skill level 1 in Dodging
  4272 | D:4      | Reached XP level 7. HP: 55/55 MP: 9/11
  4536 | D:4      | Found a staircase to the Ecumenical Temple.
  4644 | D:5      | Entered Level 5 of the Dungeon
  4675 | D:5      | HP: 2/55 [scorpion (1)]
  4676 | D:5      | Succumbed to a scorpion's poison

Illustrated notes

Levels and vault maps discovered:
D:1:      dpeg_arrival_round_c, layout_basic
D:2:      layout_basic
D:3:      layout_basic
D:4:      layout_loops_ring, minmay_temple_entry_fiery
D:5:      layout_basic, makhleb_heckhound_becter, hangedman_decor_lopped,
          minmay_circle_x, uniq_pikel, uniq_sigmund

Skill      XL: |  1  2  3  4  5  6 |
---------------+-------------------+-----
Fire Magic     | 3 |  3.0
Fighting       | 4 |  4.6
Earth Magic    | 1 2 |  2.8
Spellcasting   | 3 |  3.0
Unarmed Combat | 1 2 |  2.9
Dodging        | 1 |  1.9
Polearms       | |  2.6

Action                     |  1- 3 |  4- 6 |  7- 9 || total
---------------------------+-------+-------+-------++-------
  Melee: Spear             |   103 |    22 |     1 ||   126
         Punch             |     1 |       |       ||     1
         Headbutt          |       |     2 |       ||     2
   Cast: Scorch            |    16 |     1 |       ||    17
         Sandblast         |     7 |   105 |    17 ||   129
 Invoke: Fiery Armour      |     1 |     1 |     1 ||     3
    Use: Scroll            |     2 |     6 |       ||     8
         Potion            |       |       |     3 ||     3
   Stab: Sleeping          |     1 |       |       ||     1
 Armour: Robe              |    64 |    57 |    17 ||   138
  Dodge: Dodged            |    63 |    53 |    10 ||   126

Table legend: (Time is in decaauts)
 A = Elapsed time spent in this place.
 B = Non-inter-level travel time spent in this place.
 C = Inter-level travel time spent in this place.
 D = Time resting spent in this place.
 E = Time spent auto-exploring this place.
 F = Levels seen in this place.
 G = Mean time per level.
                   A        B        C        D        E       F      G
               +--------+--------+--------+--------+--------+-----+--------+
         Total |   4735 |   4644 |     91 |    283 |   3636 |   5 |  947.0 |
       Dungeon |   4735 |   4644 |     91 |    283 |   3636 |   5 |  947.0 |
               +--------+--------+--------+--------+--------+-----+--------+

Top non-repeatable levels by time:
     D:3: 1332 daAuts
     D:1: 1310 daAuts
     D:2: 1268 daAuts
     D:4: 788 daAuts
     D:5: 35 daAuts
